 Dungeon Crawl Stone Soup version 0.26-a0-520-g952f204493 (webtiles) character file.

Game seed: 5096122659264207961

5 ANON1729 the Insei (level 1, 0/15 HPs)
             Began as a Demonspawn Transmuter on Aug 12, 2020.
             Succumbed to an adder's poison
             ... on level 2 of the Dungeon.
             The game lasted 00:00:13 (71 turns).

ANON1729 the Insei (Demonspawn Transmuter)            Turns: 71, Time: 00:00:14

Health: 0/15       AC:  2    Str: 10    XL:     1   Next: 66%
Magic:  2/3        EV: 12    Int: 14    God:
Gold:   9          SH:  0    Dex: 13    Spells: 3/4 levels left

rFire    . . .     SeeInvis .     - Unarmed
rCold    . . .     Faith    .   (no shield)
rNeg     . . .     Spirit   .   a - +0 robe
rPois    .         Reflect  .   (helmet currently unavailable)
rElec    .         Harm     .   (no cloak)
rCorr    .                      (no gloves)
MR       .....                  (boots currently unavailable)
Stlth    +.........             (no amulet)
HPRegen  0.05/turn              (no ring)
MPRegen  0.08/turn              (no ring)

@: lethally poisoned (0 -> -6), appendages
A: horns 2, talons 2
a: End Transformation


You were on level 2 of the Dungeon.
You had grown temporary horns.
You had grown temporary talons.
You visited 1 branch of the dungeon, and saw 2 of its levels.

You collected 9 gold pieces.

Inventory:

Armour
 a - a +0 robe (worn)


   Skills:
 + Level 1.1 Fighting
 + Level 1.9 Dodging
 + Level 2.7 Unarmed Combat
 + Level 2.0 Spellcasting
 + Level 1.9 Transmutations


You had 3 spell levels left.
You knew the following spells:

 Your Spells              Type           Power        Failure   Level
a - Beastly Appendage     Tmut           #.....       11%         1

Your spell library contained the following spells:

 Spells                   Type           Power        Failure   Level
 Wereblood                Tmut           #.......     16%         2
 Spider Form              Tmut/Pois      #.........   43%         3
 Ice Form                 Ice/Tmut       #.......     85%         4
 Blade Hands              Tmut           #.........   96%         5


Dungeon Overview and Level Annotations

Branches:
Dungeon (1/15)

Altars:
Zin


Innate Abilities, Weirdness & Mutations

You have a pair of horns on your head.
You have razor-sharp toenails.


Message History

Casting: Beastly Appendage (safe; 11% risk of failure)
Confirm with . or Enter, or press ? or * to list all spells.
You grow a pair of large bovine horns.
Your feet morph into talons.
The adder bites you.
You hit the adder.
The adder is heavily wounded.
The adder bites you.
You hit the adder but do no damage. Your headbutt misses the adder.
The adder is heavily wounded.
The adder bites you.
* * * LOW HITPOINT WARNING * * *
You are lethally poisoned!
The adder poisons you! The adder barely misses you.
You hit the adder. You claw the adder.
The adder is severely wounded.
* * * LOW HITPOINT WARNING * * *
You feel sick. The adder barely misses you.
You hit the adder.
The adder is almost dead.
You die...

#.#....
..#.$..
....._ #....
#.... ... #
..####$####.#
......lKS@..#
.......######
#######


You could see an adder, a leopard gecko and a kobold.

Vanquished Creatures
  3 goblins (D:2)
  A hobgoblin (D:1)
4 creatures vanquished.

Notes
Turn   | Place    | Note
-------+----------+-------------------------------------------
     0 | D:1      | ANON1729 the Demonspawn Transmuter began the quest for the
                  | Orb.
     0 | D:1      | Reached XP level 1. HP: 15/15 MP: 3/3
    49 | D:1      | You fall into a shaft and drop 1 floor!
    58 | D:2      | Found a glowing silver altar of Zin.
    71 | D:2      | Succumbed to an adder's poison

Illustrated notes

Levels and vault maps discovered:
D:1:      dpeg_arrival_stone_temple_mockup, layout_loops_cross
D:2:      cheibrodos_greedy_goblins, layout_loops_ring,
          chequers_temple_overflow_minitemple, overflow_temple_1_default,
          old_standard_altar, minmay_misc_feat_tower, skrybe_limestone_x,
          hangedman_glass_teeth, uniq_terence

Action                   || total
-------------------------++-------
Melee: Unarmed           ||    19
       Kick              ||     2
       Headbutt          ||     2
 Cast: Beastly Appendage ||     3
Armor: Robe              ||     3
Dodge: Dodged            ||    12

Table legend: (Time is in decaauts)
 A = Elapsed time spent in this place.
 B = Non-inter-level travel time spent in this place.
 C = Inter-level travel time spent in this place.
 D = Time resting spent in this place.
 E = Time spent auto-exploring this place.
 F = Levels seen in this place.
 G = Mean time per level.
                   A        B        C        D        E       F      G
               +--------+--------+--------+--------+--------+-----+--------+
         Total |     69 |     69 |      0 |      0 |     30 |   2 |   34.5 |
       Dungeon |     69 |     69 |      0 |      0 |     30 |   2 |   34.5 |
               +--------+--------+--------+--------+--------+-----+--------+

Top non-repeatable levels by time:
     D:1: 48 daAuts
     D:2: 21 daAuts
